 Dungeon Crawl Stone Soup version 0.30.2 (webtiles) character file.

Game seed: 8639411961914999210

281871 Ashen the Ogre Mage (level 20, -4/215 HPs)
             Began as an Ogre Ice Elementalist on Jan 20, 2024.
             Was the Champion of Vehumet.
             Slain by an ironbound frostheart (27 damage)
             ... on level 1 of the Vaults.
             The game lasted 03:06:25 (52155 turns).

Ashen the Ogre Mage (Ogre Ice Elementalist)        Turns: 52155, Time: 03:06:44

Health: -4/215     AC: 10    Str: 20    XL:     20   Next: 51%
Magic:  21/51      EV: 13    Int: 22    God:    Vehumet [******]
Gold:   1909       SH:  0    Dex:  9    Spells: 9/55 levels left

rFire   . . .        i - +9 giant spiked club (elec)
rCold   . . .        (shield currently unavailable)
rNeg    . . .        F - +0 steam dragon scales
rPois   .            R - +1 hat
rElec   .            H - +2 cloak
rCorr   +            (gloves unavailable)
SInv    .            (boots unavailable)
Will    +++..        y - amulet of Balance {RegenMP rCorr}
Stlth   +++          N - ring "Onokanute" {MP+9 Str+3 Stlth+}
HPRegen 0.55/turn    s - ring of willpower
MPRegen 0.72/turn

%: no passive effects
@: studying Maces & Flails
A: large, unfitting armour, tough skin 1
}: 2/15 runes: barnacled, gossamer
a: Renounce Religion


You were on level 1 of the Vaults.
You worshipped Vehumet.
Vehumet was exalted by your worship.
You visited 8 branches of the dungeon, and saw 35 of its levels.

You collected 5066 gold pieces.
You spent 3157 gold pieces at shops.

Inventory:

Hand Weapons
 i - a +9 giant spiked club of electrocution (weapon)
 w - the +8 trident of the Octopus King {venom, rElec rPois}
   (You found it on level 3 of the Dungeon)

   rElec:     It insulates you from electricity.
   rPois:     It protects you from poison.
Armour
 F - +0 steam dragon scales (worn)
 H - a +2 cloak (worn)
 P - +0 acid dragon scales
 R - a +1 hat (worn)
Magical Staves
 n - a staff of air
 W - the staff of cold "Byxkoses" {rPois rC+ Dex+2}
   (You found it on level 3 of the Elven Halls)

   [staff of cold]

   Base accuracy: +5 Base damage: 5 Base attack delay: 1.2 This weapon's minimum
   attack delay (0.6) is reached at skill level 12.
   Dex:       It affects your dexterity (+2).
   rC:        It protects you from cold.
   rPois:     It protects you from poison.
   It falls into the 'Staves' category.
   It is a one-handed weapon.
Jewellery
 g - an amulet of regeneration
 s - a ring of willpower (right hand)
 v - a ring of see invisible
 y - the amulet of Balance (around neck) {RegenMP rCorr}
   (You acquired it on level 2 of the Orcish Mines)

   [amulet of magic regeneration]

   It increases your rate of magic regeneration.
   rCorr:     It protects you from acid and corrosion.
 C - a ring of ice
 L - the ring of Traps {Wiz rPois rC+ rN+ Int+3}
   (You took it off a deep elf high priest on level 3 of the Elven Halls)

   [ring of wizardry]

   It improves your spell success rate.
   Int:       It affects your intelligence (+3).
   rC:        It protects you from cold.
   rPois:     It protects you from poison.
   rN:        It protects you from negative energy.
 N - the ring "Onokanute" (left hand) {MP+9 Str+3 Stlth+}
   (You took it off a deep elf annihilator on level 3 of the Elven Halls)

   [ring of magical power]

   Str:       It affects your strength (+3).
   MP:        It affects your magic capacity (+9).
   Stlth:     It makes you more stealthy.
 U - a ring of wizardry
 Z - a +6 ring of strength
Wands
 f - a wand of mindburst (28)
 A - a wand of digging (14)
 E - a wand of light (16)
 G - a wand of flame (65)
 K - a wand of iceblast (20)
 M - a wand of polymorph (32)
 V - a wand of charming (21)
Scrolls
 d - a scroll of butterflies
 h - a scroll of poison
 k - a scroll of amnesia
 l - 10 scrolls of fog
 m - 7 scrolls of enchant armour
 o - a scroll of silence
 p - 7 scrolls of fear
 u - 9 scrolls of teleportation
 z - 2 scrolls of immolation
 B - 7 scrolls of blinking
 I - 4 scrolls of torment
 J - 2 scrolls of vulnerability
 Q - 6 scrolls of magic mapping
 X - 15 scrolls of identify
Potions
 a - 4 potions of attraction
 b - 3 potions of magic
 c - 10 potions of curing
 e - 3 potions of might
 j - 8 potions of haste
 q - 2 potions of cancellation
 r - 8 potions of flight
 t - 6 potions of ambrosia
 x - 7 potions of brilliance
 D - 7 potions of lignification
 O - 7 potions of mutation
 S - 2 potions of berserk rage
 T - 2 potions of resistance


   Skills:
 + Level 16.5 Fighting
 + Level 12.4 Maces & Flails
 + Level 12.4 Dodging
 - Level 3.0 Stealth
 + Level 18.3 Spellcasting
 * Level 14.2 Conjurations
 - Level 3.0 Necromancy
 * Level 16.0 Ice Magic
 - Level 8.0 Air Magic


You had 9 spell levels left.
You knew the following spells:

 Your Spells              Type           Power      Damage    Failure   Level
a - Arcjolt               Conj/Air       31%        1d41      1%          5
b - Blink                 Tloc           40%        N/A       4%          2
c - Ozocubu's Armour      Ice            74%        N/A       0%          3
d - Summon Ice Beast      Ice/Summ       53%        N/A       1%          4
e - Magic Dart            Conj           100%       1d8       0%          1
f - Conjure Ball Lightni  Conj/Air       31%        3x3d10    1%          6
g - Freezing Cloud        Conj/Ice/Air   33%        6-21      1%          5
h - Simulacrum            Ice/Necr       29%        N/A       8%          6
i - Ozocubu's Refrigerat  Ice            37%        4d15      1%          7
j - Orb of Destruction    Conj           35%        9d10      1%          7

Your spell library contained the following spells:

 Spells                   Type           Power      Damage    Failure   Level
 Maxwell's Capacitive Co  Air            26%        ∞         82%         8
 Ignition                 Fire           10%        3d5       100%        8
 Fire Storm               Conj/Fire      25%        8d6       100%        9
 Freeze                   Ice            100%       1d10      0%          1
 Frozen Ramparts          Ice            100%       1d16      0%          3
 Hailstorm                Conj/Ice       72%        3d15      0%          3
 Kiss of Death            Conj/Necr      100%       2d13      1%          1
 Sandblast                Erth           40%        2d10      1%          1
 Shock                    Conj/Air       100%       1d9       1%          1
 Cigotuvi's Dreadful Rot  Necr/Pois/Air  72%        N/A       1%          2
 Static Discharge         Conj/Air       100%       2-7/arc   1%          2
 Sublimation of Blood     Necr           33%        N/A       1%          2
 Mephitic Cloud           Conj/Pois/Air  51%        N/A       1%          3
 Stone Arrow              Conj/Erth      100%       3d13      1%          3
 Swiftness                Air            53%        N/A       1%          3
 Vhi's Electric Charge    Tloc/Air       74%        N/A       1%          3
 Airstrike                Air            26%        2d(4-20)  1%          4
 Flame Wave               Conj/Fire      50%        2d12      1%          4
 Fulminant Prism          Conj/Hex       25%        3d14      1%          4
 Ice Form                 Ice/Tmut       53%        N/A       1%          4
 Sticky Flame             Conj/Fire      50%        2d7       1%          4
 Irradiate                Conj/Tmut      25%        3d20      1%          5
 Inner Flame              Hex/Fire       20%        N/A       2%          3
 Passwall                 Tmut/Erth      16%        N/A       4%          2
 Summon Lightning Spire   Summ/Air       37%        N/A       4%          4
 Call Canine Familiar     Summ           20%        N/A       8%          3
 Confusing Touch          Hex            20%        N/A       8%          3
 Portal Projectile        Hex/Tloc       40%        N/A       8%          3
 Dispel Undead            Necr           33%        3d14      8%          4
 Silence                  Hex/Air        18%        N/A       14%         5
 Yara's Violent Unravell  Hex/Tmut       10%        3d6       19%         5
 Plasma Beam              Fire/Air       18%        2x1d33    21%         6
 Cause Fear               Hex            10%        N/A       26%         4
 Leda's Liquefaction      Hex/Erth       10%        N/A       26%         4
 Manifold Assault         Tloc           20%        N/A       26%         4
 Passage of Golubria      Tloc           20%        N/A       26%         4
 Petrify                  Tmut/Erth      20%        N/A       26%         4
 Spellforged Servitor     Conj/Summ      25%        N/A       28%         7
 Death Channel            Necr           16%        N/A       75%         6
 Lehudib's Crystal Spear  Conj/Erth      25%        10d7      89%         8
 Dispersal                Tloc           10%        N/A       99%         6
 Storm Form               Tmut/Air       18%        N/A       99%         7
 Dragon Form              Tmut           10%        N/A       100%        7
 Enfeeble                 Hex            10%        N/A       100%        7
 Haunt                    Necr/Summ      13%        N/A       100%        7
 Disjunction              Tloc           10%        N/A       100%        8
 Dragon's Call            Summ           10%        N/A       100%        9


Dungeon Overview and Level Annotations

Branches:
Dungeon (15/15)            Temple (1/1) D:4            Lair (5/5) D:11
 Shoals (4/4) Lair:3       Spider (4/4) Lair:3        Slime (0/5) Lair:5
    Orc (2/2) D:10            Elf (3/3) Orc:2        Vaults (1/5) D:14
 Depths (0/4) D:15

Altars:
Ashenzari
Cheibriados
Dithmenos
Elyvilon
Fedhas
Gozag
Hepliaklqana
Kikubaaqudgha
Makhleb
Nemelex Xobeh
Okawaru
Qazlal
Ru
Sif Muna
Trog
Uskayaw
Vehumet
Wu Jian
Xom
Yredelemnul
Zin
The Shining One
Jiyva

Shops:
D:3 ?   D:6 (   D:8 *   Orc:2 ?=*   Shoals:1 *:![

Portals:
Trove: Elf:2 (give horn of Geryon)

Annotations:
D:14 2 transporters, Wociock's ghost, journeyman DgHW
Shoals:1 1 runed translucent door, Konrad's ghost, journeyman MiHu
Shoals:4 1 runed translucent door, MrClown's ghost, adept DsNe
Elf:2 3 runed translucent doors


Innate Abilities, Weirdness & Mutations

You are too large for most types of armour.
You have tough skin. (AC +1)


Message History

* * * LOW HITPOINT WARNING * * *
Casting: Ozocubu's Refrigeration (mildly dangerous; 1% risk of failure)
Confirm with . or Enter, or press ? or * to list all spells.
The heat is drained from your surroundings.
The ironbound frostheart resists.
The ironbound frostheart is moderately wounded.
You kill the deep troll!
Vehumet accepts your kill.
You feel your power returning.
The troll leather armour is intact enough to wear.
A deep troll comes into view.
The ironbound frostheart barely misses you.
Casting: Ozocubu's Refrigeration (mildly dangerous; 1% risk of failure)
Confirm with . or Enter, or press ? or * to list all spells.
The heat is drained from your surroundings.
The ironbound frostheart resists.
The ironbound frostheart is heavily wounded.
The deep troll is moderately wounded.
The ironbound frostheart touches you!
* * * LOW HITPOINT WARNING * * *
The ironbound frostheart freezes you!!
* * * LOW HITPOINT WARNING * * *
Casting: Ozocubu's Refrigeration (mildly dangerous; 1% risk of failure)
Confirm with . or Enter, or press ? or * to list all spells.
The heat is drained from your surroundings.
The ironbound frostheart resists.
The ironbound frostheart is severely wounded.
The deep troll is moderately wounded.
The ironbound frostheart barely misses you.
You feel much better. The deep troll bites you!
* * * LOW HITPOINT WARNING * * *
The deep troll claws you but does no damage. x2
The ironbound frostheart closely misses you.
You feel much better. The deep troll bites you!
* * * LOW HITPOINT WARNING * * *
The deep troll claws you but does no damage. x2
The ironbound frostheart touches you!!
* * * LOW HITPOINT WARNING * * *
The ironbound frostheart freezes you!!
You die...

###### ## ..... .. ... .
#########'######T#####
#..........'.#.#...#.#
#..#######.##.#.#.#.#.#
#.#.......##.#.#[#.#.#
#.#..###..###.#.pT..#.#
'.#.#...#.##.#..@....#
#.#.#.>)#.##..#.....#..#
#.#..#..#.##.#.......#
#.#.....#.###.#.....#.#
#..#####..##.#.#.#.#.#.#
#.. ..###.#.#.#.#.##
###### ### # # . #.#.#
...... # #### ......


You could see an ironbound frostheart and a deep troll.

Vanquished Creatures
  Nikola (Elf:1)
  Arachne (Spider:4)
  Jorgrun (Spider:3)
  A kraken (Shoals:2)
  2 deep elf master archers (Elf:3)
  A deep elf blademaster (Elf:3)
  A fenstrider witch (Shoals:2)
  Kirke (Spider:4)
  Louise (D:14)
  8 deep elf sorcerers (Elf:3)
  7 emperor scorpions
  2 vault wardens (Vaults:1)
  Aizul (Spider:3)
  An orc warlord (Vaults:1)
  5 ghost moths
  5 ironbound preservers
  4 deep elf elementalists (Elf:3)
  An ironbound thunderhulk (Vaults:1)
  A broodmother (Spider:4)
  7 deep elf demonologists
  11 deep elf annihilators (Elf:3)
  4 spark wasps
  2 crystal guardians (Elf:3)
  3 deep elf death magi (Elf:3)
  5 merfolk impalers
  4 merfolk javelineers
  2 yaktaur captains (Vaults:1)
  3 entropy weavers
  A fire dragon (Lair:5)
  7 deep elf high priests (Elf:3)
  2 vault guards (Vaults:1)
  4 hydras
  2 jorogumos
  6 centaur warriors
  4 boulder beetles
  3 ironbound frosthearts (Vaults:1)
  4 merfolk avatars
  2 satyrs (Shoals:4)
  6 merfolk aquamancers
  2 alligator snapping turtles (Shoals:4)
  3 radroaches
  3 two-headed ogres
  5 death yaks (Lair:3)
  4 tengu warriors
  11 dancing weapons
  7 orc high priests
  11 deep elf knights
  7 skysharks
  3 pharaoh ants
  13 deep trolls (Vaults:1)
  10 sea snakes
  6 lindwurms
  7 orb spiders
  12 deep elf archers
  3 ironbound convokers (Vaults:1)
  3 wizards
  15 wolf spiders
  2 orc knights
  11 steelbarb worms
  35 harpies
  A necromancer (D:15)
  29 ugly things
  A manticore (shapeshifter) (Elf:3)
  7 cyclopes
  A mana viper (shapeshifter) (Elf:1)
  3 orc sorcerers
  23 deep elf zephyrmancers
  8 fauns
  27 deep elf pyromancers
  23 manticores
  A moth of wrath (Spider:2)
  10 elephants
  Maurice (Orc:2)
  5 black mambas
  2 vault sentinels (Vaults:1)
  7 water nymphs
  12 demonic crawlers
  11 merfolk sirens
  2 molten gargoyles (Lair:5)
  5 cane toads
  A centaur skeleton (D:15)
  4 torpor snails
  16 komodo dragons
  2 rime drakes
  2 freezing wraiths (D:15)
  An efreet (D:13)
  A redback zombie (D:15)
  7 yaktaurs (Vaults:1)
  2 polar bears
  9 meliai
  6 trolls
  7 wind drakes
  13 blink frogs
  23 merfolk
  19 tarantellas
  6 dream sheep
  20 jumping spiders
  12 snapping turtles
  A centaur simulacrum (D:15)
  A culicivora (shapeshifter) (D:15)
  4 air elementals
  A shadow (D:10)
  6 slime creatures
  6 wyverns
  17 culicivoras
  2 vampires
  A wraith (D:10)
  26 yaks
  4 hogs
  14 water elementals
  2 steam dragons
  2 fire elementals
  A human (D:14)
  8 basilisks
  48 redbacks
  7 vampire mosquitoes
  9 wargs (Orc:2)
  Edmund (D:5)
  Duvessa (D:6)
  An acid dragon (D:10)
  4 hell hounds (Lair:5)
  11 water moccasins
  23 orc warriors
  A black bear (D:6)
  A black bear (shapeshifter) (D:15)
  2 ice beasts
  7 ogres
  10 wolves
  19 centaurs
  2 phantoms
  The ghost of vbillard the Conjurer, an amateur DECj (D:3)
  4 bullfrogs
  4 kobold brigands
  2 gnoll sergeants
  4 scorpions
  3 earth elementals
  Dowan (D:6)
  10 wights
  5 troll zombies (D:10)
  7 killer bees
  3 howler monkeys (D:10)
  6 electric eels
  4 lava snakes (Lair:5)
  A hound (D:6)
  41 orc priests
  2 gnoll boudas
  2 jellies
  6 sleepcaps
  2 iguanas
  Natasha (thrice) (D:2)
  14 orc wizards
  2 hell rats (Lair:5)
  3 ogre zombies (D:10)
  20 gnolls
  7 adders
  7 river rats (Lair:5)
  2 shadow imps
  2 white imps
  6 worms
  89 orcs
  5 ball pythons
  4 endoplasms
  4 giant cockroaches
  12 goblins
  10 hobgoblins
  13 jackals
  26 kobolds
  5 quokkas
  12 bats
  A frilled lizard (D:2)
  7 goblin zombies (D:10)
  A hobgoblin skeleton (D:10)
  A hobgoblin zombie (D:10)
  3 orc skeletons (D:10)
  13 orc zombies (D:10)
  8 rats
  A spectral orc (D:6)
  3 tentacles (Shoals:2)
1265 creatures vanquished.

Vanquished Creatures (collateral kills)
  A two-headed ogre (D:9)
  An orc high priest (Orc:2)
  A wolf spider zombie (D:15)
  2 ugly things (D:15)
  A black mamba (Lair:5)
  A wolf spider simulacrum (D:15)
  A merfolk (Shoals:2)
  A killer bee (D:10)
  2 orcs (Orc:2)
  6 ball lightnings
17 creatures vanquished.

Vanquished Creatures (others)
  A deep elf knight (Elf:2)
  2 kobolds (D:7)
  13 ball lightnings
  3 tentacles (Shoals:2)
19 creatures vanquished.

Grand Total: 1301 creatures vanquished

Notes
Turn   | Place    | Note
-------+----------+-------------------------------------------
     0 | D:1      | Ashen the Ogre Ice Elementalist began the quest for the
                  | Orb.
     0 | D:1      | Reached XP level 1. HP: 16/16 MP: 3/3
   112 | D:1      | Reached XP level 2. HP: 20/24 MP: 3/5
   318 | D:1      | Found a faded altar of an unknown god.
   873 | D:2      | Noticed Natasha
  1117 | D:2      | Reached XP level 3. HP: 31/31 MP: 2/7
  1346 | D:2      | Reached skill level 3 in Spellcasting
  1488 | D:2      | Killed Natasha
  1489 | D:2      | Reached XP level 4. HP: 30/39 MP: 0/8
  1801 | D:2      | Noticed Natasha
  1808 | D:2      | Killed Natasha
  1854 | D:2      | Noticed Natasha
  1865 | D:2      | Killed Natasha
  1866 | D:2      | Reached XP level 5. HP: 34/45 MP: 10/10
  2234 | D:3      | Found Richunuv's Magic Scroll Shop.
  2358 | D:3      | Bought a scroll of teleportation for 36 gold pieces
  2429 | D:3      | Bought a scroll of identify for 24 gold pieces
  2446 | D:3      | Learned a level 3 spell: Frozen Ramparts
  2450 | D:3      | Learned a level 3 spell: Ozocubu's Armour
  2455 | D:3      | Learned a level 4 spell: Summon Ice Beast
  2758 | D:3      | Bought a scroll of fog for 48 gold pieces
  2785 | D:3      | Found the +8 trident of the Octopus King {venom, rElec
                  | rPois}
  2914 | D:3      | Found a runed translucent gate.
  2914 | D:3      | Found a runed translucent gate.
  2914 | D:3      | Found a runed translucent gate.
  2915 | D:3      | Noticed vbillard's ghost (amateur DECj)
  2919 | D:3      | Noticed a kobold brigand
  3084 | D:4      | Reached XP level 6. HP: 51/53 MP: 4/11
  3176 | D:4      | Reached skill level 4 in Spellcasting
  3582 | D:4      | Reached skill level 1 in Fighting
  3798 | D:4      | Found a staircase to the Ecumenical Temple.
  3802 | Temple   | Entered the Ecumenical Temple
  4007 | Temple   | Became a worshipper of Vehumet
  4061 | D:5      | Entered Level 5 of the Dungeon
  4091 | D:5      | Reached XP level 7. HP: 62/62 MP: 13/13
  4123 | D:5      | Noticed Edmund
  4143 | D:5      | Killed Edmund
  4144 | D:5      | Reached skill level 1 in Maces & Flails
  4213 | D:5      | Reached skill level 5 in Ice Magic
  4695 | D:5      | Reached skill level 5 in Spellcasting
  4792 | D:5      | Reached XP level 8. HP: 50/75 MP: 15/15
  5259 | D:5      | Reached * piety under Vehumet
  5259 | D:5      | Offered knowledge of Magic Dart by Vehumet.
  5473 | D:5      | Learned a level 1 spell: Magic Dart
  5590 | D:6      | Found Magruu's Antique Weapon Boutique.
  5593 | D:6      | You fall into a shaft and drop 2 floors!
  6002 | D:7      | Reached skill level 6 in Spellcasting
  6014 | D:7      | Reached skill level 5 in Fighting
  6014 | D:7      | Reached skill level 5 in Dodging
  6014 | D:7      | Reached XP level 9. HP: 43/88 MP: 11/18
  6372 | D:6      | Noticed Dowan
  6576 | D:6      | Found a white marble altar of Elyvilon.
  6753 | D:6      | Found a basalt altar of Yredelemnul.
  7395 | D:7      | Found a glowing golden altar of the Shining One.
  7502 | D:8      | Noticed a two-headed ogre
  7518 | D:8      | Killed a two-headed ogre
  7519 | D:8      | Reached skill level 7 in Spellcasting
  7864 | D:8      | Offered knowledge of Searing Ray by Vehumet.
  7868 | D:8      | Reached ** piety under Vehumet
  8068 | D:8      | Found Renifug's CLEARANCE SALE!.
  8075 | D:8      | Bought a scroll of identify for 10 gold pieces
  8075 | D:8      | Bought a potion of mutation for 40 gold pieces
  8097 | D:8      | Reached XP level 10. HP: 92/100 MP: 14/21
  8227 | D:8      | Reached skill level 5 in Maces & Flails
  8965 | D:9      | Noticed a two-headed ogre
  9031 | D:9      | Killed a two-headed ogre
  9032 | D:9      | Reached skill level 8 in Spellcasting
  9345 | D:9      | Found an iron altar of Okawaru.
  9533 | D:10     | Entered Level 10 of the Dungeon
  9552 | D:10     | Offered knowledge of Poisonous Vapours by Vehumet.
  9696 | D:10     | Reached *** piety under Vehumet
  9820 | D:10     | Found a staircase to the Orcish Mines.
  9900 | D:10     | Offered knowledge of Mephitic Cloud by Vehumet.
  9919 | D:10     | Learned a level 3 spell: Mephitic Cloud
 10280 | D:10     | Reached XP level 11. HP: 84/113 MP: 16/23
 10777 | D:6      | Noticed Duvessa
 10786 | D:6      | Killed Duvessa
 10791 | D:6      | Killed Dowan
 10791 | D:6      | Reached **** piety under Vehumet
 11077 | Orc:1    | Entered Level 1 of the Orcish Mines
 11138 | Orc:1    | Noticed an orc high priest
 11162 | Orc:1    | Offered knowledge of Freezing Cloud by Vehumet.
 11181 | D:10     | Learned a level 5 spell: Freezing Cloud
 11222 | D:11     | Noticed a two-headed ogre
 11236 | D:11     | Killed a two-headed ogre
 11244 | D:11     | Found a staircase to the Lair.
 11316 | Lair:1   | Entered Level 1 of the Lair of Beasts
 11347 | Lair:1   | Reached skill level 1 in Conjurations
 11347 | Lair:1   | Reached skill level 1 in Air Magic
 11360 | Lair:1   | Reached skill level 9 in Spellcasting
 12391 | Lair:2   | Reached ***** piety under Vehumet
 12482 | Lair:2   | Offered knowledge of Fulminant Prism by Vehumet.
 12747 | Lair:2   | Reached XP level 12. HP: 71/126 MP: 14/25
 13401 | Lair:3   | HP: 6/126 [black mamba (8)]
 13410 | Lair:3   | Reached skill level 10 in Spellcasting
 13419 | Lair:3   | Reached skill level 10 in Fighting
 13523 | Lair:3   | Noticed a death yak
 13523 | Lair:3   | Noticed a death yak
 13523 | Lair:3   | Noticed a death yak
 13523 | Lair:3   | Noticed a death yak
 13523 | Lair:3   | Noticed a death yak
 13531 | Lair:3   | Killed a death yak
 13532 | Lair:3   | Killed a death yak
 13533 | Lair:3   | Killed a death yak
 13533 | Lair:3   | Killed a death yak
 13535 | Lair:3   | Killed a death yak
 13600 | Lair:3   | Noticed an eight-headed hydra
 13606 | Lair:3   | Killed an eight-headed hydra
 13869 | Lair:3   | Reached skill level 5 in Conjurations
 13869 | Lair:3   | Reached skill level 5 in Air Magic
 13939 | Lair:3   | Found a hole to the Spider Nest.
 14109 | Lair:3   | Found a staircase to the Shoals.
 14136 | Lair:3   | Reached XP level 13. HP: 135/135 MP: 27/27
 14849 | Lair:4   | Reached skill level 11 in Spellcasting
 15848 | Lair:5   | Entered Level 5 of the Lair of Beasts
 15936 | Lair:5   | Found a staircase to the Slime Pits.
 16098 | Lair:5   | Offered knowledge of Arcjolt by Vehumet.
 16099 | Lair:5   | Reached skill level 10 in Ice Magic
 16105 | Lair:5   | Learned a level 5 spell: Arcjolt
 16149 | Lair:5   | Found a viscous altar of Jiyva.
 17538 | Lair:5   | Found a large runed translucent door.
 17538 | Lair:5   | Found a large runed translucent door.
 17624 | Lair:5   | Noticed a fire dragon
 17879 | Orc:1    | Reached XP level 14. HP: 128/146 MP: 23/29
 18237 | Orc:2    | Entered Level 2 of the Orcish Mines
 18465 | Orc:2    | Found a staircase to the Elven Halls.
 18563 | Orc:2    | Reached skill level 12 in Spellcasting
 18670 | Orc:2    | Found Qinwysoj's Magic Scroll Shop.
 18670 | Orc:2    | Found Sofooste's Magic Scroll Shoppe.
 18671 | Orc:2    | Offered knowledge of Spellforged Servitor by Vehumet.
 18863 | Orc:2    | Noticed Maurice
 18891 | Orc:2    | Killed Maurice
 19325 | Orc:2    | Bought a scroll of magic mapping for 112 gold pieces
 19325 | Orc:2    | Bought a scroll of enchant armour for 112 gold pieces
 19325 | Orc:2    | Bought a scroll of blinking for 112 gold pieces
 19325 | Orc:2    | Bought a scroll of fog for 60 gold pieces
 19325 | Orc:2    | Bought a scroll of identify for 30 gold pieces
 19325 | Orc:2    | Bought a scroll of identify for 30 gold pieces
 19325 | Orc:2    | Bought a scroll of torment for 142 gold pieces
 19325 | Orc:2    | Bought a scroll of identify for 30 gold pieces
 19325 | Orc:2    | Identified a scroll of acquirement
 19328 | Orc:2    | Acquired the amulet of Balance {RegenMP rCorr}
 19340 | Orc:2    | Bought a scroll of teleportation for 33 gold pieces
 19340 | Orc:2    | Bought a scroll of immolation for 44 gold pieces
 19340 | Orc:2    | Bought a scroll of enchant armour for 82 gold pieces
 19340 | Orc:2    | Bought a scroll of identify for 22 gold pieces
 19710 | Orc:2    | Found Fyopt's Jewellery Shop.
 19710 | Orc:2    | Found Diece's General Store.
 20547 | D:11     | Identified the +8 falchion of the Eel {speed, Int+3}
 20641 | D:11     | Learned a level 6 spell: Simulacrum
 21763 | D:13     | Reached skill level 1 in Necromancy
 22104 | D:13     | Found a sacrificial altar of Ru.
 22921 | D:14     | Noticed Louise
 22936 | D:14     | Found a gate to the Vaults.
 22936 | D:14     | Noticed an ironbound preserver
 22990 | D:14     | Offered knowledge of Ozocubu's Refrigeration by Vehumet.
 23002 | D:14     | Learned a level 7 spell: Ozocubu's Refrigeration
 23087 | D:14     | Reached XP level 15. HP: 84/156 MP: 14/31
 23474 | D:14     | Noticed Wociock's ghost (journeyman DgHW)
 23485 | D:14     | Found a transporter.
 23488 | D:14     | Noticed a shadow dragon
 23546 | D:14     | Found a transporter.
 23684 | D:14     | Reached skill level 13 in Spellcasting
 23750 | D:15     | Entered Level 15 of the Dungeon
 24415 | D:15     | Found a staircase to the Depths.
 25293 | D:3      | Killed vbillard's ghost
 25360 | D:3      | Bought a scroll of teleportation for 36 gold pieces
 25360 | D:3      | Bought a scroll of magic mapping for 90 gold pieces
 25360 | D:3      | Bought a scroll of acquirement for 624 gold pieces
 25360 | D:3      | Bought a scroll of fog for 48 gold pieces
 25360 | D:3      | Bought a scroll of magic mapping for 90 gold pieces
 25360 | D:3      | Bought a scroll of identify for 24 gold pieces
 25360 | D:3      | Acquired 1206 gold pieces
 25530 | Orc:2    | Bought a ring of willpower for 400 gold pieces
 25721 | Shoals:1 | Entered Level 1 of the Shoals
 25735 | Shoals:1 | Found Uschetil's Assorted Antiques.
 25757 | Shoals:1 | Bought a scroll of blinking for 330 gold pieces
 25757 | Shoals:1 | Bought a scroll of fear for 176 gold pieces
 25757 | Shoals:1 | Bought a scroll of teleportation for 132 gold pieces
 26093 | Shoals:1 | Found Fidiog's Antique Armour Boutique.
 26140 | Shoals:1 | Offered knowledge of Eringya's Noxious Bog by Vehumet.
 26363 | Shoals:1 | Found a runed translucent door.
 26364 | Shoals:1 | Noticed Konrad's ghost (journeyman MiHu)
 26387 | Shoals:1 | Found Bawudghim's Book Shop.
 26482 | Shoals:1 | Found Uxzej's Distillery.
 26500 | Shoals:1 | Bought 2 potions of magic for 240 gold pieces
 26883 | Shoals:2 | Reached XP level 16. HP: 118/167 MP: 7/33
 27086 | Shoals:2 | Reached skill level 14 in Spellcasting
 27510 | Shoals:2 | Reached skill level 10 in Dodging
 27542 | Shoals:2 | Identified the +10 dagger "Ymniwael" {flame, Dex+2}
 28135 | Shoals:2 | Noticed a kraken
 28141 | Shoals:2 | Killed a kraken
 28197 | Shoals:2 | Noticed a fenstrider witch
 28203 | Shoals:2 | Killed a fenstrider witch
 28752 | Shoals:3 | Reached skill level 10 in Conjurations
 29597 | Shoals:4 | Entered Level 4 of the Shoals
 29747 | Shoals:4 | Found a runed translucent door.
 29747 | Shoals:4 | Noticed MrClown's ghost (adept DsNe)
 30052 | Shoals:4 | Offered knowledge of Orb of Destruction by Vehumet.
 30061 | Shoals:4 | Learned a level 7 spell: Orb of Destruction
 30444 | Shoals:4 | Reached skill level 15 in Spellcasting
 30448 | Shoals:4 | Reached XP level 17. HP: 113/179 MP: 26/36
 31258 | Shoals:4 | Reached skill level 10 in Maces & Flails
 31774 | Shoals:4 | Identified the +7 long sword of Trauma {vamp, rPois rC+
                  | Str-2 Stlth+}
 31854 | Shoals:4 | Got a barnacled rune of Zot
 32158 | Shoals:4 | Identified the +0 flail of Destiny {freeze, rPois Dex+7
                  | Stlth-}
 32297 | Spider:1 | Entered Level 1 of the Spider Nest
 33080 | Spider:1 | Reached ****** piety under Vehumet
 33409 | Spider:1 | Offered knowledge of Conjure Ball Lightning by Vehumet.
 33423 | Spider:1 | Learned a level 6 spell: Conjure Ball Lightning
 34752 | D:14     | Killed Louise
 34883 | Vaults:1 | Entered Level 1 of the Vaults
 36049 | Elf:1    | Entered Level 1 of the Elven Halls
 36052 | Elf:1    | Reached skill level 16 in Spellcasting
 36094 | Orc:2    | Learned a level 2 spell: Blink
 36250 | Elf:1    | Reached XP level 18. HP: 191/191 MP: 31/38
 36593 | Elf:1    | Noticed Nikola
 36607 | Elf:1    | Killed Nikola
 37807 | Elf:2    | Found a portal to a secret trove of treasure.
 38464 | Elf:2    | Found a runed translucent gate.
 38465 | Elf:2    | Found a runed translucent gate.
 38466 | Elf:2    | Found a runed translucent gate.
 38998 | Elf:3    | Entered Level 3 of the Elven Halls
 39249 | Elf:3    | Offered knowledge of Fire Storm by Vehumet.
 39249 | Elf:3    | Offered knowledge of Ignition by Vehumet.
 39249 | Elf:3    | Offered knowledge of Maxwell's Capacitive Coupling by
                  | Vehumet.
 39524 | Elf:3    | Paralysed by an air elemental for 1 turns
 39566 | Elf:3    | Reached skill level 15 in Fighting
 40999 | Elf:3    | Noticed a deep elf blademaster
 41004 | Elf:3    | Killed a deep elf blademaster
 41005 | Elf:3    | Reached skill level 17 in Spellcasting
 41306 | Elf:3    | Identified the +2 great sword of Qazlal, Building {speed,
                  | rF- Will++ Str+7}
 41365 | Elf:3    | Noticed a deep elf master archer
 41869 | Elf:3    | Reached XP level 19. HP: 201/201 MP: 40/40
 42182 | Elf:3    | Identified the ring of Traps {Wiz rPois rC+ rN+ Int+3}
 42363 | Elf:3    | Identified the +12 morningstar "Efiw" {flame, rF+ rC+ Str+3
                  | Dex-4}
 42592 | Elf:3    | Identified the +4 trident of Niapen {venom, rF+++ Will+
                  | Str+4}
 42592 | Elf:3    | Identified the +1 leather armour of the Weaver {rN++}
 42592 | Elf:3    | Identified the ring "Onokanute" {MP+9 Str+3 Stlth+}
 42944 | Elf:3    | Identified the +3 morningstar of Ointment {flame, Str+3}
 43259 | Elf:3    | Reached skill level 15 in Ice Magic
 43278 | Elf:3    | Identified the ring of Nerugu {Ice Str+3 Dex-5 Slay+4}
 43654 | Elf:3    | Identified the staff of cold "Byxkoses" {rPois rC+ Dex+2}
 43672 | Elf:3    | Got Sif Muna's Intricacies of Lost Knowledge
 46020 | Spider:2 | You fall into a shaft and drop 1 floor!
 46222 | Spider:3 | Noticed Jorgrun
 46228 | Spider:3 | Killed Jorgrun
 46959 | Spider:3 | Noticed Aizul
 47030 | Spider:3 | Killed Aizul
 47945 | Spider:4 | Entered Level 4 of the Spider Nest
 48139 | Spider:4 | Noticed Arachne
 48273 | Spider:4 | Got the Papyrus of Necrotic Forces
 48359 | Spider:4 | Noticed Kirke
 48617 | Spider:4 | Killed Arachne
 48790 | Spider:4 | Killed Kirke
 49235 | Spider:4 | Reached skill level 18 in Spellcasting
 49404 | Spider:4 | Reached XP level 20. HP: 203/213 MP: 31/42
 50575 | Spider:4 | Got a gossamer rune of Zot
 52152 | Vaults:1 | HP: 10/215 [ironbound frostheart (34)]
 52155 | Vaults:1 | Slain by an ironbound frostheart

Illustrated notes

Levels and vault maps discovered:
D:1:      minmay_arrival_open_corners, layout_basic,
          shapermc_ecumenical_altar_venn, minmay_small_reverse_x
D:2:      layout_basic, hangedman_decor_growths, uniq_natasha
D:3:      kennysheep_the_goblin_king, layout_rooms, serial_shops,
          nicolae_diamond_shop, gammafunk_ghost_nasty_kobolds,
          minmay_goblin_kobold_house
D:4:      layout_rooms, minmay_temple_entry_glassed_door, hex_intersection
D:5:      layout_loops_corners, grunt_ministairs_8, uniq_edmund
D:6:      layout_basic, elyvilon_altar_3, yredelemnul_forgotten_temple_becter,
          serial_shops, nicolae_shop_tiny_statue_garden,
          hangedman_decor_clover_reticule, hellmonk_no_cap, uniq_duvessa
D:7:      layout_basic, nicolae_tso_swordbearing_angel
D:8:      layout_cave_pools, serial_bayou, serial_bayou_lagoon_a,
          serial_bayou_pond_a, serial_bayou_lake_a, serial_bayou_crossing,
          grunt_ministairs_12, grunt_decor_one_mirror, nicolae_shop_clearance
D:9:      layout_loops_ring, lemuel_round_altar
D:10:     layout_irregular_city, zombieorc2_lemuel, serial_glass,
          glass_columns_c, glass_columns_b
D:11:     layout_rooms, lair_entry_dummy, reono_crystal_passage
D:12:     layout_irregular_city
D:13:     layout_cave_pools, special_room [special_room_orc],
          nicolae_ru_awakened_eye
D:14:     layout_roguey, skrybe_vaults_entry_preservation, chequers_garden,
          gammafunk_ghost_berserking_beasts, dk_noncrumbling_2, grunt_livestock,
          interstate_on_off, corner_web_ring, uniq_louise
D:15:     grunt_enter_depths_magical_seal, layout_rooms, nicolae_cairo_tiling
Temple:   nicolae_temple_bog_church
Lair:1:   layout_loops_ring, grunt_megastairs_4
Lair:2:   layout_hall_layers, nicolae_volcano_entry_vermiform, roderic_batcave,
          grunt_megastairs_2
Lair:3:   layout_regular_city, shoals_dummy_entry,
          nicolae_spider_entry_non_spiders, cheibrodos_lair_reptile_den
Lair:4:   layout_small_grid, st_stairs_5
Lair:5:   cheibrodos_lair_end_hotspot, layout_gridlike, slime_entry_1,
          kennysheep_rathole
Shoals:1: layout_shoals, serial_shops, nicolae_shop_back_alley_shop, shop, shop,
          shop, gammafunk_ghost_grave
Shoals:2: layout_shoals, nicolae_shoals_beach_house_on_fowls_legs
Shoals:3: layout_shoals
Shoals:4: shoals_end_hangedman, layout_shoals, hellmonk_ghost_happy_afterlife
Spider:1: layout_cave_pods
Spider:2: layout_spider_delve, hangedman_spider_tarantella_strand,
          nicolae_spider_cling_halls
Spider:3: layout_chambers, uniq_jorgrun, uniq_aizul
Spider:4: grunt_spider_rune_circles, uniq_arachne, uniq_kirke
Orc:1:    layout_diamond_mine
Orc:2:    st_orc_town, layout_diamond_mine, special_room, uniq_maurice
Elf:1:    eino_elf_arrival_shootout, layout_onion_city, evilmike_minifort,
          uniq_nikola
Elf:2:    elven_hall_of_blades_hangedman_original [mumra_blade_entry_bloodbath],
          layout_geoelf_octagon, nicolae_trove_entry_crossroad
Elf:3:    minmay_elf_hall_golems, layout_geoelf_castle, onia_ninara_cookie
Vaults:1: ontoclasm_vaults_hangar, nicolae_vaults_cochlea,
          vaults_room_door_hall, vaults_mumra_bighexcomb,
          hangedman_vaults_nodes, v_pattern_2, hangedman_vaults_river_flow,
          hangedman_vaults_hat, vaults_mumra_chevron_long,
          nicolae_vaults_alarming, hangedman_vaults_stretched_pinwheel,
          layout_vaults_omnicross

Skill      XL: |  1  2  3  4  5  6  7  8  9 10 11 12 13 14 15 16 17 18 19 20 |
---------------+-------------------------------------------------------------+-----
Dodging        | 2 3 4 5 6 7 8 9 10 11 12 | 12.4
Spellcasting   | 3 4 5 6 7 8 9 10 11 12 13 15 16 17 18 | 18.3
Stealth        | 2 3 |  3.0
Ice Magic      | 4 5 6 7 8 9 10 11 12 13 14 15 16 | 16.0
Fighting       | 1 3 5 6 8 9 10 11 12 13 14 15 16 | 16.5
Maces & Flails | 2 3 4 6 7 8 9 10 11 12 | 12.4
Conjurations   | 3 5 6 7 9 10 11 12 13 14 | 14.2
Air Magic      | 3 5 6 8 |  8.0
Necromancy     | 2 3 |  3.0

Action                     |  1- 3 |  4- 6 |  7- 9 | 10-12 | 13-15 | 16-18 | 19-21 || total
---------------------------+-------+-------+-------+-------+-------+-------+-------++-------
  Melee: Unarmed           |     6 |    17 |       |       |       |       |       ||    23
         Dagger            |       |    97 |       |       |       |       |       ||    97
         Trident           |       |    53 |   223 |   452 |   611 |   217 |    17 ||  1573
         Punch             |       |     1 |     2 |     8 |     5 |     1 |       ||    17
         Giant spiked club |       |       |       |       |       |       |    67 ||    67
         Staff             |       |       |       |       |       |       |     1 ||     1
   Cast: Freeze            |    50 |     7 |    19 |    45 |       |       |       ||   121
         Frozen Ramparts   |       |     4 |    15 |    23 |    20 |     3 |       ||    65
         Ozocubu's Armour  |       |     2 |    12 |    23 |    17 |     5 |       ||    59
         Summon Ice Beast  |       |       |       |     3 |     8 |     1 |     1 ||    13
         Freezing Cloud    |       |       |       |    25 |   175 |    30 |     5 ||   235
         Mephitic Cloud    |       |       |       |     9 |    28 |       |       ||    37
         Ozocubu's Refrige |       |       |       |       |    28 |   428 |   267 ||   723
         Simulacrum        |       |       |       |       |     3 |     1 |       ||     4
         Arcjolt           |       |       |       |       |     2 |       |     1 ||     3
         Orb of Destructio |       |       |       |       |       |    46 |   109 ||   155
         Conjure Ball Ligh |       |       |       |       |       |    10 |     3 ||    13
         Blink             |       |       |       |       |       |     1 |     1 ||     2
  Evoke: Wand              |       |       |       |       |     3 |    10 |     4 ||    17
    Use: Scroll            |       |     4 |     4 |    11 |    12 |    12 |     5 ||    48
         Potion            |       |       |       |     2 |     6 |    10 |     5 ||    23
   Stab: Sleeping          |       |     7 |     7 |     5 |     4 |       |     3 ||    26
         Distracted        |       |       |       |     2 |     3 |       |       ||     5
         Confused          |       |       |       |     4 |     5 |       |       ||     9
 Armour: Robe              |    21 |    44 |    42 |       |       |       |       ||   107
         Steam dragon scal |       |       |    31 |   224 |   263 |    97 |    54 ||   669
  Dodge: Dodged            |    33 |    73 |    85 |   364 |   406 |   217 |   125 ||  1303
